 Dungeon Sprint DCSS version 0.30-a0-956-gcec3b41aec (webtiles) character file.

Game seed: 17317044685353774504

21 Parcival the Covered (level 2, -4/28 HPs)
             Began as a Minotaur Fighter on Mar 29, 2023.
             Slain by Crazy Yiuf
             ... wielding a +3 quarterstaff of chaos
              (10 damage)
             ... in the Dungeon (Sprint III: "The Ten Rune Challenge").
             The game lasted 00:00:15 (96 turns).

Parcival the Covered (Minotaur Fighter)               Turns: 96, Time: 00:00:16

Health: -4/28      AC:  7    Str: 20    XL:     2   Next: 65%
Magic:  1/1        EV:  9    Int:  5    God:
Gold:   0          SH:  4    Dex:  9    Spells: 1/1 levels left

rFire   . . .      SeeInvis .    a - +0 war axe
rCold   . . .      Faith    .    c - +0 buckler
rNeg    . . .      Spirit   .    b - +0 scale mail
rPois   .          Reflect  .    (helmet restricted)
rElec   .          Rampage  .    (no cloak)
rCorr   .          NoTele   +    (no gloves)
Will    .....                    (no boots) Stlth
                                 (no amulet)
HPRegen 0.24/turn                (no ring)
MPRegen 0.07/turn                (no ring)

@: lethally poisoned (-4 -> -11), very slow
A: horns 2, retaliatory headbutt
a: no special abilities


You were in the Dungeon.
You visited 1 branch

Inventory:

Hand Weapons
 a - a +0 war axe (weapon)
Armour
 b - a +0 scale mail (worn)
 c - a +0 buckler (worn)
Scrolls
 j - a scroll of blinking
 k - a scroll of identify {unknown}
Potions
 d - a potion of might
 e - a potion of curing
 f - a potion of heal wounds
 g - a potion of haste
 h - 2 potions of magic
 i - a potion of berserk rage


   Skills:
 + Level 4.9 Fighting
 + Level 3.6 Axes
 + Level 5.0 Armour
 + Level 0.2 Dodging
 + Level 4.9 Shields


You had one spell level left.
You didn't know any spells.
Your spell library was empty.

Dungeon Overview and Level Annotations

Branches:
Dungeon (1/1)

Altars:

Annotations:
D Crazy Yiuf


Innate Abilities, Weirdness & Mutations

You have a pair of horns on your head.
You reflexively headbutt those who attack you in melee.


Message History

You barely miss the human.
The human is moderately wounded.
You block the human's attack. The human closely misses you.
You furiously retaliate!
You headbutt the human, but do no damage.
You barely miss the human. You headbutt the human.
The human is moderately wounded.
The human hits you but does no damage.
You slash the human! Your headbutt misses the human.
The human is severely wounded.
The human hits you. x2
You hit the human.
The human is severely wounded.
The human hits you but does no damage.
You hit the human. Your headbutt misses the human.
The human is severely wounded.
The human barely misses you. You furiously retaliate!
You headbutt the human! The human barely misses you.
You hit the human.
You kill the human!
Your Axes skill increases to level 3!
Your Armour skill increases to level 5!
You have reached level 2!
Crazy Yiuf the Enlightened comes into view.
He is wielding a +3 quarterstaff of chaos.
Crazy Yiuf shouts!
Crazy Yiuf is nearby!
You enter the shallow water.
Moving in this stuff is going to be slow.
Crazy Yiuf hits you with a +3 quarterstaff of chaos!
You are poisoned.
You barely miss Crazy Yiuf. You headbutt Crazy Yiuf.
Crazy Yiuf is moderately wounded.
You feel very sick.
Crazy Yiuf splashes around in the water.
You slash Crazy Yiuf! You headbutt Crazy Yiuf.
Crazy Yiuf is almost dead.
You feel very sick.
Crazy Yiuf hits you with a +3 quarterstaff of chaos.
* * * LOW HITPOINT WARNING * * *
You are electrocuted!
You die...

▓▓▓▓ ▓▓▓ ▓▓ ▓<.#
... .# ▓..# .....
.# ▓#'####..... .#
▓.....#....~♣♣♣ .#
▓.....#...~~... .#
▓.....#..~~~~.♣♣♣.+
▓####'#..~≈≈~g@...#
▓|..††#.~~≈~~~....#
▓.....#.~≈~~~.....#
▓.....#.~~~.......#
▓'#####...........#
▓.................#
▓▓▓▓▓▓▓▓▓▓▓▓▓▓▓▓▓▓▓


You could see Crazy Yiuf.

Vanquished Creatures
  A human (D)
  An endoplasm (D)
  3 rats (D)
5 creatures vanquished.

Notes
Turn   | Place    | Note
-------+----------+-------------------------------------------
     0 | D        | Parcival the Minotaur Fighter began the quest for the Orb.
     0 | D        | Reached XP level 1. HP: 19/19 MP: 0/0
     9 | D        | Reached skill level 4 in Armour
    54 | D        | Reached skill level 5 in Armour
    54 | D        | Reached XP level 2. HP: 20/28 MP: 1/1
    88 | D        | Noticed Crazy Yiuf
    96 | D        | Slain by Crazy Yiuf

Illustrated notes

Levels and vault maps discovered:
D:        dungeon_sprint_mu [sprint_mu_entry_forest, sprint_mu_temple_rooms,
          sprint_mu_d1_spiders, sprint_mu_d2_genie, sprint_mu_d3_branching,
          sprint_mu_orc_legion, sprint_mu_elf_gauntlet, sprint_mu_hive_nellie,
          sprint_mu_lair_fedhas, sprint_mu_vaults_butterflies,
          sprint_mu_slime_circle, sprint_mu_swamp_cave, sprint_mu_snake_twists,
          sprint_mu_blade_basic, sprint_mu_crypt_fortress,
          sprint_mu_tomb_spiral, sprint_mu_vestibule_basic,
          sprint_mu_gehenna_hellfire, sprint_mu_dis_giant,
          sprint_mu_tartarus_statrot, sprint_mu_cocytus_islands, sprint_mu_zot1]

Skill      XL: |  1 |
---------------+----+-----
Fighting       | 4 |  4.9
Armour         | 5 |  5.0
Shields        | 4 |  4.9
Axes           | 3 |  3.6
Dodging        | |  0.2

Action                     || total
---------------------------++-------
  Melee: War axe           ||    24
         Headbutt          ||     3
 Armour: Scale mail        ||     8
  Dodge: Dodged            ||    14
  Block: Buckler           ||     6

Table legend: (Time is in decaauts)
 A = Elapsed time spent in this place.
 B = Non-inter-level travel time spent in this place.
 C = Inter-level travel time spent in this place.
 D = Time resting spent in this place.
 E = Time spent auto-exploring this place.
 F = Levels seen in this place.
 G = Mean time per level.
                   A        B        C        D        E       F      G
               +--------+--------+--------+--------+--------+-----+--------+
         Total |    106 |    106 |      0 |      0 |     49 |   1 |  106.0 |
       Dungeon |    106 |    106 |      0 |      0 |     49 |   1 |  106.0 |
               +--------+--------+--------+--------+--------+-----+--------+

Top non-repeatable levels by time:
       D: 106 daAuts
